Map: Glittering Ashes LE

Players

lsyrk

  • Race: Zerg Zerg
  • League: Master
  • Spawn Location: 7:00

Warthog - Winner!

  • Race: Terran Terran
  • League: Master
  • Spawn Location: 1:00

VOD

Have the link to the VOD?

Description

Time

  • Played on: Jan. 11, 2022, 8:09 p.m.
  • Length: 8:44
Show
View Real Time Build Order
Export as new Build Order

lsyrk Zerg 

Build Orders: Hatch First 

Get SALT Encoding   

  12  0:00  Drone  
  13  0:13  Overlord  
  13  0:17  Drone  
  14  0:32  Drone  
  15  0:44  Drone  
  15  0:49  Hatchery  
  15  0:53  Drone  
  15  0:55  Drone  
  17  0:59  Drone  
  18  1:10  Extractor  
  17  1:14  Spawning Pool  
  17  1:17  Drone  
  17  1:20  Drone  
  18  1:29  Drone  
  19  1:40  Drone  
  20  1:50  Drone  
  21  2:01  Queen x2  
  23  2:02  Zergling x4  
  27  2:11  Overlord  
  27  2:19  Hatchery  
  26  2:23  Drone  
  26  2:29  Drone  
  28  2:30  Drone  
  28  2:33  Drone  
  28  2:35  Drone  
  29  2:46  Metabolic Boost  
  29  2:47  Overlord  
  29  2:49  Drone  
  30  2:55  Drone x2  
  32  2:59  Queen  
  32  3:05  Drone  
  35  3:07  Queen  
  35  3:10  Drone  
  35  3:12  Drone  
  39  3:16  Overlord  
  39  3:20  Drone  
  39  3:21  Drone  
  39  3:23  Drone  
  39  3:26  Drone  
  43  3:32  Queen  
  43  3:34  Overlord  
  45  3:37  Drone  
  45  3:40  Drone  
  47  3:42  Drone  
  47  3:45  Queen  
  50  3:52  Overlord  
  50  3:53  Drone  
  50  3:54  Zergling x4  
  53  3:56  Zergling x2  
  53  3:57  Zergling x2  
  53  4:00  Zergling x2  
  56  4:05  Zergling x4  
  58  4:10  Drone  
  58  4:12  Queen  
  58  4:13  Drone x2  
  58  4:14  Drone  
  58  4:15  Drone  
  58  4:16  Drone  
  66  4:17  Drone  
  66  4:22  Queen  
  69  4:25  Overlord  
  69  4:33  Overlord  
  69  4:34  Evolution Chamber x2  
  69  4:36  Drone  
  69  4:37  Drone x2  
  70  4:38  Drone  
  70  4:40  Drone  
  71  4:50  Drone  
  71  4:51  Queen  
  73  4:53  Overlord  
  73  4:55  Drone x4  
  77  5:01  Spore Crawler  
  77  5:03  Spore Crawler  
  77  5:06  Spore Crawler  
  74  5:08  Zerg Melee Weapons Level 1  
  74  5:12  Zerg Ground Armor Level 1  
  70  5:22  Overlord  
  63  5:31  Zergling x2  
  63  5:32  Zergling x16  
  60  5:51  Zergling x8  
  60  5:52  Zergling x4  
  59  5:59  Zergling x2  
  59  6:00  Zergling x2  
  57  6:10  Overlord  
  57  6:11  Zergling x4  
  58  6:14  Queen  
  61  6:20  Drone x3  
  64  6:26  Drone  
  64  6:27  Drone, Extractor  
  64  6:28  Drone, Extractor  
  65  6:34  Hatchery  
  65  6:35  Lair  
  65  6:37  Drone  
  65  6:38  Drone  
  65  6:39  Drone  
  67  6:42  Hatchery  
  67  6:45  Queen  
  67  6:46  Drone  
  69  6:52  Queen  
  72  6:54  Drone x3  
  72  6:56  Drone x3  
  72  6:58  Drone x2  
  72  6:59  Drone  
  80  7:01  Extractor  
  80  7:02  Drone  
  80  7:12  Drone x3  
  83  7:21  Drone x3  
  86  7:23  Queen  
  86  7:25  Overlord  
  86  7:27  Drone  
  86  7:28  Drone x2  
  91  7:34  Baneling Nest  
  91  7:36  Queen  
  92  7:39  Zergling x2, Overlord  
  92  7:40  Zergling x2  
  92  7:41  Hatchery  
  93  7:46  Overlord  
  93  7:50  Overlord  
  93  7:52  Zergling x2  
  93  7:53  Zergling x6  
  93  7:58  Drone, Overlord  
  95  7:59  Drone x4  
  95  8:02  Drone  
  95  8:04  Drone  
  98  8:05  Drone  
  98  8:11  Drone x3  
  103  8:19  Drone  
  105  8:20  Drone x7  
  108  8:34  Roach Warren  
Show
View Real Time Build Order
Export as new Build Order

Warthog Terran - Winner!

Build Orders: Liberator Opening, Reaper Expand, Mech 

Get SALT Encoding   

  12  0:00  SCV  
  13  0:12  SCV  
  14  0:17  Supply Depot  
  14  0:24  SCV  
  15  0:38  SCV  
  15  0:40  Barracks  
  16  0:43  Refinery  
  16  0:50  SCV  
  17  1:03  SCV  
  18  1:15  SCV  
  19  1:27  Reaper, Orbital Command  
  20  1:40  Command Center  
  20  1:49  Supply Depot  
  20  1:54  SCV  
  20  1:58  Marine  
  22  2:06  SCV  
  23  2:08  Factory  
  23  2:15  Refinery  
  23  2:18  SCV  
  23  2:20  Barracks Reactor  
  24  2:30  SCV  
  25  2:43  SCV  
  26  2:54  Orbital Command  
  26  2:55  SCV, Starport  
  27  3:04  Hellion x2  
  31  3:07  SCV  
  31  3:16  Marine  
  31  3:19  SCV  
  33  3:21  SCV  
  33  3:25  Hellion x2  
  38  3:29  Supply Depot  
  38  3:31  SCV  
  38  3:33  SCV  
  40  3:43  SCV  
  40  3:45  SCV  
  40  3:47  Hellion x2  
  46  3:53  Liberator  
  46  3:55  SCV  
  50  3:57  SCV  
  50  4:01  Supply Depot  
  51  4:07  SCV  
  51  4:08  Armory  
  53  4:10  SCV  
  53  4:19  SCV  
  53  4:22  SCV  
  53  4:23  Hellion x2  
  59  4:24  Supply Depot  
  59  4:31  SCV  
  59  4:35  SCV  
  61  4:44  SCV  
  61  4:45  Liberator  
  62  4:46  Hellion x2  
  62  4:47  SCV  
  70  4:59  Command Center  
  70  5:02  Refinery x2  
  70  5:39  SCV, Hellion  
  70  5:45  Hellion  
  70  5:48  SCV  
  69  5:51  SCV  
  69  5:54  Factory  
  69  5:55  Factory  
  69  5:56  Armory, Factory  
  63  5:57  Factory  
  63  6:00  SCV, Hellion  
  63  6:03  SCV  
  63  6:07  Hellion  
  61  6:12  SCV  
  61  6:15  SCV, Barracks Tech Lab  
  61  6:18  Orbital Command  
  59  6:22  Hellion  
  59  6:24  SCV  
  62  6:27  Supply Depot  
  62  6:28  SCV, Hellion  
  62  6:31  Supply Depot  
  65  6:42  Factory Tech Lab, Factory Reactor  
  65  6:43  Hellion, Factory Tech Lab, Orbital Command  
  65  6:44  SCV  
  68  6:49  SCV, Hellion  
  68  6:53  Refinery  
  71  6:56  SCV, Siege Tank  
  71  6:58  Refinery  
  71  7:00  Siege Tank  
  71  7:01  SCV, Hellion  
  79  7:02  Infernal Pre-Igniter  
  79  7:03  Supply Depot, Mag-Field Accelerator  
  79  7:04  Hellion  
  83  7:10  SCV x2  
  83  7:11  Hellion  
  83  7:13  SCV  
  88  7:22  SCV x2  
  90  7:23  Supply Depot, Hellion  
  90  7:25  SCV  
  93  7:30  Command Center  
  93  7:34  Supply Depot, SCV x2, Hellion x2  
  93  7:35  Cyclone  
  102  7:37  SCV  
  106  7:46  SCV, Starport Tech Lab  
  106  7:47  Supply Depot  
  108  7:53  Cyclone  
  108  7:54  Cyclone  
  108  7:55  Hellion x2  
  106  8:07  Siege Tank  
  109  8:14  Supply Depot  
  109  8:15  SCV  
  109  8:16  Supply Depot  
  109  8:17  SCV x2  
  112  8:21  Engineering Bay  
  112  8:23  Hellion x2  
Tags
 
Add a new tag
Caveats
  • Supply blocks, unpowered buildings, or Contaminate may cause inaccurate times.
  • Supply counts are checked every 10 seconds.